Red Wings vs Predators

Created - November 2 2008 at 15:31

Goals
1 2 3 T
Red Wings 0 0 0 0
Predators 1 3 0 4
Shots
1 2 3 T
Red Wings 15 5 6 26
Predators 11 7 5 23

Period #1

1. Predators , Chris Phillips 3 (Mike Comrie, Rene Bourque) at 11:12 (PP)

Penalties :
Nick Foligno (NSH) for Slashing (Minor) at 7:47, Noah Welch (DET) for Hooking (Minor) at 10:11, Rene Bourque (NSH) for Tripping (Minor) at 11:40, Dan Hinote (NSH) for Boarding (Minor) at 15:23, Lasse Kukkonen (NSH) for Tripping (Minor) at 19:07

Period #2

2. Predators , Rene Bourque 1 (Nathan Paetsch, Nick Foligno) at 4:30
3. Predators , Marek Svatos 4 (Travis Zajac, Nick Foligno) at 6:13
4. Predators , Martin Skoula 3 (Marek Svatos, Travis Zajac) at 16:17 (PP)

Penalties :
Noah Welch (DET) for Roughing (Minor) at 2:50, Andrew Ference (NSH) for Tripping (Minor) at 3:09, Nick Foligno (NSH) for Hooking (Minor) at 7:35, Rene Bourque (NSH) for Elbowing (Minor) at 9:35, Darren McCarty (DET) for Roughing (Minor) at 10:48, Rory Fitzpatrick (DET) for Tripping (Minor) at 15:31, Rory Fitzpatrick (DET) for Holding (Minor) at 16:36, Noah Welch (DET) for Holding (Minor) at 19:06

Period #3

No Goal

Penalties :
Jaroslav Spacek (DET) for Interference (Minor) at 4:52, Steve Eminger (NSH) for Hooking (Minor) at 14:54

Goalie Stats

Jocelyn Thibault (DET), 6 saves from 6 shots - (1.000), 23:43 minutes
Curtis Sanford (DET), 13 saves from 17 shots - (0.765), L, 2-2-1, 36:17 minutes
Chris Osgood (NSH), 26 saves from 26 shots - (1.000), W, 1-2-0, 60:00 minutes

Players Stats

Red Wings
Player Name              G  A  P  +/- PIM S  H  SB FO    MP 
------------------------------------------------------------
Alex Pietrangelo         0  0  0  -1  0   1  0  0  0/0   18 
Bobby Holik              0  0  0  -1  0   0  3  0  7/14  18 
Chris Conner             0  0  0  -1  0   2  1  0  1/3   16 
Darren McCarty           0  0  0   0  2   0  0  0  0/0   5  
Doug Weight              0  0  0   0  0   0  1  0  8/23  20 
Frantisek Kaberle        0  0  0  -1  0   2  0  2  0/0   22 
Fredrik Modin            0  0  0  -1  0   8  0  0  4/10  18 
Jaroslav Spacek          0  0  0  -1  2   2  3  0  0/0   22 
Jason Jaffray            0  0  0  -1  0   2  2  0  7/13  16 
Jeff Tambellini          0  0  0   0  0   3  0  1  0/1   16 
Lee Stempniak            0  0  0   0  0   2  2  0  4/9   17 
Marek Malik              0  0  0   0  0   0  2  0  0/0   20 
Matt Ellis               0  0  0  -1  0   1  1  0  0/0   17 
Michael Rupp             0  0  0   0  0   0  1  0  4/6   5  
Nate Thompson            0  0  0   0  0   1  0  0  1/2   8  
Noah Welch               0  0  0  -1  6   1  1  0  0/0   16 
Rory Fitzpatrick         0  0  0   0  4   0  0  1  0/0   19 
Steve Downie             0  0  0   0  0   1  6  1  0/2   16 
Predators
Player Name              G  A  P  +/- PIM S  H  SB FO    MP 
------------------------------------------------------------
Andrew Ference           0  0  0   0  2   0  0  0  0/0   18 
Anton Babchuk            0  0  0   1  0   0  0  0  0/0   10 
Chris Phillips           1  0  1   0  0   1  0  2  0/0   24 
Dan Hinote               0  0  0   0  2   1  4  1  0/0   17 
Drew Miller              0  0  0   0  0   3  0  0  0/0   12 
Kamil Kreps              0  0  0   0  0   1  0  0  5/8   8  
Lasse Kukkonen           0  0  0   1  2   0  0  0  0/0   20 
Marek Svatos             1  1  2   1  0   5  1  0  0/2   16 
Martin Skoula            1  0  1   1  0   2  0  2  0/0   21 
Mike Comrie              0  1  1   0  0   0  0  0  13/22 19 
Nathan Paetsch           0  1  1   1  0   0  0  0  0/0   15 
Nick Foligno             0  2  2   2  4   0  2  0  3/5   14 
Rene Bourque             1  1  2   1  4   4  0  0  1/2   17 
Steve Eminger            0  0  0   0  2   0  0  1  0/0   11 
Tomas Holmstrom          0  0  0   0  0   2  0  0  0/4   19 
Travis Zajac             0  2  2   1  0   2  1  0  9/16  15 
Tyler Bouck              0  0  0   0  0   0  0  0  0/0   8  
Yanic Perreault          0  0  0   0  0   2  0  0  16/24 19 

3 Stars

1 - Chris Osgood (NSH)
2 - Marek Svatos (NSH)
3 - Travis Zajac (NSH)

Power Play

Red Wings - 0 on 9 Attempt(s) - 0.00%
Predators - 2 on 7 Attempt(s) - 28.57%

Penalty Kill

Red Wings - 5 on 7 Attempt(s) - 71.43% - Score 0 goal in Penalty Kill
Predators - 9 on 9 Attempt(s) - 100.00% - Score 0 goal in Penalty Kill

Game Notes

Jocelyn Thibault enters game at 16:17 of 2nd period
16:57 of 3rd period - Penalty Shot by Nate Thompson for Red Wings - Stopped by Chris Osgood

Finance

Level 1 -- Attendance: 5448 (95.51%) -- Ticket Income $544,800.00
Level 2 -- Attendance: 4754 (100.00%) -- Ticket Income $285,240.00
Level 3 -- Attendance: 1901 (100.00%) -- Ticket Income $66,535.00
Level 4 -- Attendance: 3676 (96.66%) -- Ticket Income $73,520.00
Luxury Box -- Attendance: 889 (93.48%) -- Ticket Income $177,800.00
Game was played at the Sommet Center
Total Attendance: 16668 (97.40%)
Total Ticket Income: $1,247,923.00
Other Income: $319,424.50
Total Income: $1,567,347.00


Team Lines

Red Wings

5 vs 5
   Center                   Left Wing                Right Wing               Defense                  Defense                  
 1 Bobby Holik              Fredrik Modin            Lee Stempniak            Jaroslav Spacek          Frantisek Kaberle        
 2 Doug Weight              Jeff Tambellini          Steve Downie             Marek Malik              Rory Fitzpatrick         
 3 Jason Jaffray            Matt Ellis               Chris Conner             Alex Pietrangelo         Noah Welch               
 4 Michael Rupp             Nate Thompson            Darren McCarty           Jaroslav Spacek          Frantisek Kaberle        

Power Play
   Center                   Left Wing                Right Wing               Defense                  Defense                  
 1 Bobby Holik              Fredrik Modin            Lee Stempniak            Jaroslav Spacek          Frantisek Kaberle        
 2 Doug Weight              Jeff Tambellini          Steve Downie             Marek Malik              Rory Fitzpatrick         

Penalty Kill - 4 Players
   Center                   Wing                     Defense                  Defense                  
 1 Fredrik Modin            Bobby Holik              Jaroslav Spacek          Frantisek Kaberle        
 2 Lee Stempniak            Doug Weight              Marek Malik              Rory Fitzpatrick         

4 vs 4
   Center                   Wing                     Defense                  Defense                  
 1 Fredrik Modin            Bobby Holik              Jaroslav Spacek          Frantisek Kaberle        
 2 Lee Stempniak            Doug Weight              Marek Malik              Rory Fitzpatrick         

Penalty Kill - 3 Players
   Forward                  Defense                  Defense                  
 1 Fredrik Modin            Jaroslav Spacek          Frantisek Kaberle        
 2 Bobby Holik              Marek Malik              Rory Fitzpatrick         

Goaltenders
Starting : Curtis Sanford           
Backup : Jocelyn Thibault         

Extra Forwards
Fredrik Modin, Bobby Holik, Lee Stempniak, Doug Weight, Steve Downie
Extra Defensemen
Jaroslav Spacek, Frantisek Kaberle, Marek Malik, Rory Fitzpatrick, Alex Pietrangelo
Penalty Shots
Fredrik Modin, Bobby Holik, Lee Stempniak, Doug Weight, Steve Downie
Coach Strategy
Physical Style: 1 - Defense Style: 2 - Offense Style: 2

Predators

5 vs 5
   Center                   Left Wing                Right Wing               Defense                  Defense                  
 1 Mike Comrie              Rene Bourque             Tomas Holmstrom          Chris Phillips           Andrew Ference           
 2 Travis Zajac             Nick Foligno             Marek Svatos             Martin Skoula            Lasse Kukkonen           
 3 Yanic Perreault          Drew Miller              Dan Hinote               Nathan Paetsch           Steve Eminger            
 4 Kamil Kreps              Rene Bourque             Tyler Bouck              Anton Babchuk            Chris Phillips           

Power Play
   Center                   Left Wing                Right Wing               Defense                  Defense                  
 1 Mike Comrie              Rene Bourque             Tomas Holmstrom          Chris Phillips           Andrew Ference           
 2 Travis Zajac             Nick Foligno             Marek Svatos             Martin Skoula            Lasse Kukkonen           

Penalty Kill - 4 Players
   Center                   Wing                     Defense                  Defense                  
 1 Mike Comrie              Tomas Holmstrom          Chris Phillips           Andrew Ference           
 2 Yanic Perreault          Dan Hinote               Martin Skoula            Lasse Kukkonen           

4 vs 4
   Center                   Wing                     Defense                  Defense                  
 1 Tomas Holmstrom          Mike Comrie              Chris Phillips           Andrew Ference           
 2 Marek Svatos             Travis Zajac             Martin Skoula            Lasse Kukkonen           

Penalty Kill - 3 Players
   Forward                  Defense                  Defense                  
 1 Tomas Holmstrom          Chris Phillips           Andrew Ference           
 2 Mike Comrie              Martin Skoula            Lasse Kukkonen           

Goaltenders
Starting : Chris Osgood             
Backup : Vesa Toskala             

Extra Forwards
Tomas Holmstrom, Mike Comrie, Marek Svatos, Travis Zajac, Rene Bourque
Extra Defensemen
Chris Phillips, Andrew Ference, Martin Skoula, Lasse Kukkonen, Nathan Paetsch
Penalty Shots
Tomas Holmstrom, Mike Comrie, Marek Svatos, Travis Zajac, Rene Bourque
Coach Strategy
Physical Style: 0 - Defense Style: 3 - Offense Style: 2

Play by Play

Period #1

0:01 of 1st period - Mike Comrie wins face-off versus Bobby Holik in neutral zone.
0:24 of 1st period - Shot by Fredrik Modin.
0:24 of 1st period - Stopped by Chris Osgood without a rebound.
0:25 of 1st period - Travis Zajac wins face-off versus Doug Weight in Predators zone.
0:25 of 1st period - Travis Zajac is hit by Steve Downie.
0:46 of 1st period - Shot by Doug Weight.
0:46 of 1st period - Shot Blocked by Martin Skoula.
0:55 of 1st period - Marek Svatos is hit by Marek Malik.
1:18 of 1st period - Icing by Martin Skoula.
1:19 of 1st period - Bobby Holik wins face-off versus Travis Zajac in Predators zone.
1:26 of 1st period - Shot by Lee Stempniak.
1:26 of 1st period - Shot Misses the Net.
1:30 of 1st period - Shot by Fredrik Modin.
1:30 of 1st period - Stopped by Chris Osgood without a rebound.
1:31 of 1st period - Jason Jaffray wins face-off versus Mike Comrie in Predators zone.
2:12 of 1st period - Shot by Tomas Holmstrom.
2:12 of 1st period - Stopped by Curtis Sanford without a rebound.
2:13 of 1st period - Yanic Perreault wins face-off versus Bobby Holik in Red Wings zone.
2:22 of 1st period - Dan Hinote is hit by Lee Stempniak and loses puck.
2:57 of 1st period - Dan Hinote is hit by Bobby Holik and loses puck.
3:22 of 1st period - Shot by Steve Downie.
3:22 of 1st period - Stopped by Chris Osgood without a rebound.
3:23 of 1st period - Chris Conner wins face-off versus Travis Zajac in Predators zone.
3:24 of 1st period - Shot by Jason Jaffray.
3:24 of 1st period - Stopped by Chris Osgood without a rebound.
3:25 of 1st period - Jason Jaffray wins face-off versus Travis Zajac in Predators zone.
3:26 of 1st period - Shot by Matt Ellis.
3:26 of 1st period - Stopped by Chris Osgood with a rebound.
4:45 of 1st period - Shot by Rene Bourque.
4:45 of 1st period - Stopped by Curtis Sanford without a rebound.
4:46 of 1st period - Yanic Perreault wins face-off versus Lee Stempniak in Red Wings zone.
5:04 of 1st period - Shot by Yanic Perreault.
5:04 of 1st period - Stopped by Curtis Sanford without a rebound.
5:05 of 1st period - Rene Bourque wins face-off versus Doug Weight in Red Wings zone.
5:08 of 1st period - Shot by Kamil Kreps.
5:08 of 1st period - Stopped by Curtis Sanford without a rebound.
5:09 of 1st period - Nick Foligno wins face-off versus Doug Weight in Red Wings zone.
5:14 of 1st period - Shot by Marek Svatos.
5:14 of 1st period - Stopped by Curtis Sanford without a rebound.
5:15 of 1st period - Kamil Kreps wins face-off versus Michael Rupp in Red Wings zone.
5:21 of 1st period - Rene Bourque is hit by Jaroslav Spacek and loses puck.
6:01 of 1st period - Kamil Kreps is hit by Steve Downie and loses puck.
6:17 of 1st period - Off-side.
6:18 of 1st period - Bobby Holik wins face-off versus Yanic Perreault in neutral zone.
6:31 of 1st period - Shot by Fredrik Modin.
6:31 of 1st period - Stopped by Chris Osgood with a rebound.
6:33 of 1st period - Shot by Bobby Holik.
6:33 of 1st period - Shot Misses the Net.
6:35 of 1st period - Shot by Frantisek Kaberle.
6:35 of 1st period - Stopped by Chris Osgood without a rebound.
6:36 of 1st period - Nick Foligno wins face-off versus Doug Weight in Predators zone.
6:40 of 1st period - Travis Zajac is hit by Marek Malik and loses puck.
6:46 of 1st period - Off-side.
6:47 of 1st period - Yanic Perreault wins face-off versus Doug Weight in neutral zone.
6:59 of 1st period - Icing by Nathan Paetsch.
7:00 of 1st period - Jason Jaffray wins face-off versus Yanic Perreault in Predators zone.
7:41 of 1st period - Icing by Alex Pietrangelo.
7:42 of 1st period - Jason Jaffray wins face-off versus Travis Zajac in Red Wings zone.
7:42 of 1st period - Jason Jaffray is hit by Marek Svatos.
7:47 of 1st period - Minor Penalty to Nick Foligno for Slashing.
7:48 of 1st period - Bobby Holik wins face-off versus Mike Comrie in Red Wings zone.
8:00 of 1st period - Off-side.
8:01 of 1st period - Mike Comrie wins face-off versus Doug Weight in neutral zone.
8:01 of 1st period - Mike Comrie is hit by Steve Downie.
8:56 of 1st period - Shot by Yanic Perreault.
8:56 of 1st period - Stopped by Curtis Sanford with a rebound.
9:36 of 1st period - Shot by Lee Stempniak.
9:36 of 1st period - Stopped by Chris Osgood without a rebound.
9:37 of 1st period - Bobby Holik wins face-off versus Marek Svatos in Predators zone.
9:42 of 1st period - Shot by Fredrik Modin.
9:42 of 1st period - Stopped by Chris Osgood without a rebound.
9:43 of 1st period - Mike Comrie wins face-off versus Bobby Holik in Predators zone.
10:11 of 1st period - Shot by Rene Bourque.
10:11 of 1st period - Stopped by Curtis Sanford without a rebound.
10:11 of 1st period - Minor Penalty to Noah Welch for Hooking.
10:12 of 1st period - Nick Foligno wins face-off versus Fredrik Modin in Red Wings zone.
10:21 of 1st period - Shot by Marek Svatos.
10:21 of 1st period - Shot Misses the Net.
10:23 of 1st period - Shot by Martin Skoula.
10:23 of 1st period - Stopped by Curtis Sanford with a rebound.
10:28 of 1st period - Travis Zajac is hit by Jaroslav Spacek and loses puck.
10:41 of 1st period - Shot by Travis Zajac.
10:41 of 1st period - Shot Misses the Net.
10:50 of 1st period - Icing by Lasse Kukkonen.
10:51 of 1st period - Lee Stempniak wins face-off versus Nick Foligno in Predators zone.
11:06 of 1st period - Shot by Rene Bourque.
11:06 of 1st period - Shot Misses the Net.
11:10 of 1st period - Shot by Mike Comrie.
11:10 of 1st period - Shot Misses the Net.
11:12 of 1st period - Shot by Chris Phillips.
11:12 of 1st period - Goal by Chris Phillips - Red Wings : 0 - Predators : 1.
11:13 of 1st period - Yanic Perreault wins face-off versus Jason Jaffray in neutral zone.
11:27 of 1st period - Icing by Alex Pietrangelo.
11:28 of 1st period - Mike Comrie wins face-off versus Jason Jaffray in Red Wings zone.
11:40 of 1st period - Minor Penalty to Rene Bourque for Tripping.
11:41 of 1st period - Yanic Perreault wins face-off versus Fredrik Modin in Red Wings zone.
12:06 of 1st period - Shot by Fredrik Modin.
12:06 of 1st period - Stopped by Chris Osgood without a rebound.
12:07 of 1st period - Doug Weight wins face-off versus Yanic Perreault in Predators zone.
12:23 of 1st period - Shot by Jeff Tambellini.
12:23 of 1st period - Stopped by Chris Osgood without a rebound.
12:24 of 1st period - Mike Comrie wins face-off versus Steve Downie in Predators zone.
12:41 of 1st period - Icing by Steve Downie.
12:42 of 1st period - Yanic Perreault wins face-off versus Doug Weight in Red Wings zone.
12:47 of 1st period - Shot by Dan Hinote.
12:47 of 1st period - Stopped by Curtis Sanford with a rebound.
13:17 of 1st period - Shot by Bobby Holik.
13:17 of 1st period - Deflect By Lee Stempniak.
13:17 of 1st period - Stopped by Chris Osgood with a rebound.
13:19 of 1st period - Shot by Bobby Holik.
13:19 of 1st period - Shot Blocked by Chris Phillips.
13:21 of 1st period - Shot by Jaroslav Spacek.
13:21 of 1st period - Stopped by Chris Osgood without a rebound.
13:22 of 1st period - Mike Comrie wins face-off versus Bobby Holik in Predators zone.
13:35 of 1st period - Shot by Lee Stempniak.
13:35 of 1st period - Shot Blocked by Dan Hinote.
13:51 of 1st period - Shot by Chris Conner.
13:51 of 1st period - Shot Misses the Net.
14:01 of 1st period - Shot by Matt Ellis.
14:01 of 1st period - Shot Misses the Net.
14:03 of 1st period - Shot by Chris Conner.
14:03 of 1st period - Stopped by Chris Osgood with a rebound.
14:05 of 1st period - Shot by Chris Conner.
14:05 of 1st period - Shot Blocked by Chris Phillips.
14:07 of 1st period - Shot by Noah Welch.
14:07 of 1st period - Stopped by Chris Osgood with a rebound.
14:25 of 1st period - Chris Phillips is hit by Jason Jaffray.
14:38 of 1st period - Icing by Alex Pietrangelo.
14:39 of 1st period - Jason Jaffray wins face-off versus Travis Zajac in Red Wings zone.
14:39 of 1st period - Jason Jaffray is hit by Nick Foligno.
14:57 of 1st period - Shot by Marek Svatos.
14:57 of 1st period - Stopped by Curtis Sanford without a rebound.
14:58 of 1st period - Michael Rupp wins face-off versus Yanic Perreault in Red Wings zone.
15:23 of 1st period - Minor Penalty to Dan Hinote for Boarding.
15:24 of 1st period - Mike Comrie wins face-off versus Doug Weight in neutral zone.
17:00 of 1st period - Yanic Perreault is hit by Bobby Holik and loses puck.
17:37 of 1st period - Icing by Noah Welch.
17:38 of 1st period - Yanic Perreault wins face-off versus Chris Conner in Red Wings zone.
17:56 of 1st period - Icing by Alex Pietrangelo.
17:57 of 1st period - Kamil Kreps wins face-off versus Jason Jaffray in Red Wings zone.
19:07 of 1st period - Minor Penalty to Lasse Kukkonen for Tripping.
19:08 of 1st period - Mike Comrie wins face-off versus Doug Weight in Predators zone.
19:28 of 1st period - Icing by Marek Malik.
19:29 of 1st period - Yanic Perreault wins face-off versus Doug Weight in Red Wings zone.

Period #2

0:01 of 2nd period - Bobby Holik wins face-off versus Mike Comrie in neutral zone.
0:23 of 2nd period - Off-side.
0:24 of 2nd period - Doug Weight wins face-off versus Yanic Perreault in neutral zone.
0:58 of 2nd period - Icing by Jeff Tambellini.
0:59 of 2nd period - Doug Weight wins face-off versus Mike Comrie in Red Wings zone.
2:38 of 2nd period - Yanic Perreault is hit by Chris Conner and loses puck.
2:46 of 2nd period - Drew Miller is hit by Jason Jaffray and loses puck.
2:50 of 2nd period - Minor Penalty to Noah Welch for Roughing.
2:51 of 2nd period - Mike Comrie wins face-off versus Lee Stempniak in Red Wings zone.
3:09 of 2nd period - Minor Penalty to Andrew Ference for Tripping.
3:10 of 2nd period - Lee Stempniak wins face-off versus Tomas Holmstrom in Predators zone.
3:46 of 2nd period - Anton Babchuk is hit by Doug Weight and loses puck.
4:14 of 2nd period - Shot by Fredrik Modin.
4:14 of 2nd period - Stopped by Chris Osgood with a rebound.
4:18 of 2nd period - Shot by Frantisek Kaberle.
4:18 of 2nd period - Stopped by Chris Osgood without a rebound.
4:19 of 2nd period - Fredrik Modin wins face-off versus Rene Bourque in Predators zone.
4:30 of 2nd period - Shot by Rene Bourque.
4:30 of 2nd period - Goal by Rene Bourque - Red Wings : 0 - Predators : 2.
4:31 of 2nd period - Fredrik Modin wins face-off versus Marek Svatos in neutral zone.
4:38 of 2nd period - Shot by Fredrik Modin.
4:38 of 2nd period - Stopped by Chris Osgood without a rebound.
4:39 of 2nd period - Lee Stempniak wins face-off versus Tomas Holmstrom in Predators zone.
4:46 of 2nd period - Chris Phillips is hit by Lee Stempniak and loses puck.
5:25 of 2nd period - Shot by Chris Conner.
5:25 of 2nd period - Shot Blocked by Steve Eminger.
5:27 of 2nd period - Shot by Alex Pietrangelo.
5:27 of 2nd period - Stopped by Chris Osgood without a rebound.
5:28 of 2nd period - Michael Rupp wins face-off versus Kamil Kreps in Predators zone.
5:55 of 2nd period - Off-side.
5:56 of 2nd period - Travis Zajac wins face-off versus Jason Jaffray in neutral zone.
6:13 of 2nd period - Shot by Travis Zajac.
6:13 of 2nd period - Deflect By Marek Svatos.
6:13 of 2nd period - Goal by Marek Svatos - Red Wings : 0 - Predators : 3.
6:14 of 2nd period - Doug Weight wins face-off versus Yanic Perreault in neutral zone.
6:45 of 2nd period - Shot by Jeff Tambellini.
6:45 of 2nd period - Stopped by Chris Osgood without a rebound.
6:46 of 2nd period - Mike Comrie wins face-off versus Jason Jaffray in Predators zone.
7:20 of 2nd period - Icing by Matt Ellis.
7:21 of 2nd period - Jason Jaffray wins face-off versus Nick Foligno in Red Wings zone.
7:35 of 2nd period - Minor Penalty to Nick Foligno for Hooking.
7:36 of 2nd period - Yanic Perreault wins face-off versus Bobby Holik in Red Wings zone.
9:35 of 2nd period - Minor Penalty to Rene Bourque for Elbowing.
9:36 of 2nd period - Doug Weight wins face-off versus Mike Comrie in neutral zone.
9:39 of 2nd period - Andrew Ference is hit by Steve Downie.
10:39 of 2nd period - Shot by Lee Stempniak.
10:39 of 2nd period - Deflect By Fredrik Modin.
10:39 of 2nd period - Shot Blocked by Martin Skoula.
10:48 of 2nd period - Minor Penalty to Darren McCarty for Roughing.
10:49 of 2nd period - Nate Thompson wins face-off versus Tomas Holmstrom in neutral zone.
11:55 of 2nd period - Shot by Marek Svatos.
11:55 of 2nd period - Shot Misses the Net.
11:57 of 2nd period - Shot by Travis Zajac.
11:57 of 2nd period - Stopped by Curtis Sanford with a rebound.
11:59 of 2nd period - Shot by Nathan Paetsch.
11:59 of 2nd period - Deflect By Marek Svatos.
11:59 of 2nd period - Shot Misses the Net.
12:01 of 2nd period - Shot by Lasse Kukkonen.
12:01 of 2nd period - Shot Misses the Net.
12:50 of 2nd period - Anton Babchuk is hit by Matt Ellis and loses puck.
13:35 of 2nd period - Shot by Yanic Perreault.
13:35 of 2nd period - Shot Misses the Net.
14:24 of 2nd period - Shot by Tomas Holmstrom.
14:24 of 2nd period - Shot Misses the Net.
14:47 of 2nd period - Icing by Andrew Ference.
14:48 of 2nd period - Doug Weight wins face-off versus Mike Comrie in Predators zone.
15:19 of 2nd period - Icing by Marek Malik.
15:20 of 2nd period - Yanic Perreault wins face-off versus Doug Weight in Red Wings zone.
15:31 of 2nd period - Minor Penalty to Rory Fitzpatrick for Tripping.
15:32 of 2nd period - Fredrik Modin wins face-off versus Travis Zajac in Red Wings zone.
16:11 of 2nd period - Shot by Rene Bourque.
16:11 of 2nd period - Stopped by Curtis Sanford without a rebound.
16:12 of 2nd period - Travis Zajac wins face-off versus Lee Stempniak in Red Wings zone.
16:15 of 2nd period - Shot by Marek Svatos.
16:15 of 2nd period - Stopped by Curtis Sanford with a rebound.
16:17 of 2nd period - Shot by Martin Skoula.
16:17 of 2nd period - Goal by Martin Skoula - Red Wings : 0 - Predators : 4.
16:17 of 2nd period - Jocelyn Thibault enters game.
16:18 of 2nd period - Yanic Perreault wins face-off versus Nate Thompson in neutral zone.
16:23 of 2nd period - Shot by Drew Miller.
16:23 of 2nd period - Stopped by Jocelyn Thibault without a rebound.
16:24 of 2nd period - Yanic Perreault wins face-off versus Jeff Tambellini in Red Wings zone.
16:36 of 2nd period - Minor Penalty to Rory Fitzpatrick for Holding.
16:37 of 2nd period - Travis Zajac wins face-off versus Fredrik Modin in Red Wings zone.
16:46 of 2nd period - Shot by Travis Zajac.
16:46 of 2nd period - Shot Misses the Net.
17:54 of 2nd period - Off-side.
17:55 of 2nd period - Travis Zajac wins face-off versus Fredrik Modin in neutral zone.
19:06 of 2nd period - Minor Penalty to Noah Welch for Holding.
19:07 of 2nd period - Yanic Perreault wins face-off versus Fredrik Modin in Red Wings zone.

Period #3

0:01 of 3rd period - Fredrik Modin wins face-off versus Mike Comrie in neutral zone.
0:12 of 3rd period - Icing by Tomas Holmstrom.
0:13 of 3rd period - Mike Comrie wins face-off versus Lee Stempniak in Predators zone.
1:17 of 3rd period - Shot by Nathan Paetsch.
1:17 of 3rd period - Shot Misses the Net.
1:19 of 3rd period - Shot by Drew Miller.
1:19 of 3rd period - Stopped by Jocelyn Thibault with a rebound.
1:22 of 3rd period - Drew Miller is hit by Noah Welch and loses puck.
2:50 of 3rd period - Off-side.
2:51 of 3rd period - Kamil Kreps wins face-off versus Doug Weight in neutral zone.
3:05 of 3rd period - Shot by Jeff Tambellini.
3:05 of 3rd period - Stopped by Chris Osgood without a rebound.
3:06 of 3rd period - Doug Weight wins face-off versus Mike Comrie in Predators zone.
4:15 of 3rd period - Shot by Chris Conner.
4:15 of 3rd period - Stopped by Chris Osgood without a rebound.
4:16 of 3rd period - Michael Rupp wins face-off versus Travis Zajac in Predators zone.
4:25 of 3rd period - Shot by Marek Svatos.
4:25 of 3rd period - Shot Misses the Net.
4:36 of 3rd period - Martin Skoula is hit by Michael Rupp and loses puck.
4:52 of 3rd period - Minor Penalty to Jaroslav Spacek for Interference.
4:53 of 3rd period - Lee Stempniak wins face-off versus Mike Comrie in Red Wings zone.
5:49 of 3rd period - Icing by Travis Zajac.
5:50 of 3rd period - Travis Zajac wins face-off versus Lee Stempniak in Predators zone.
6:29 of 3rd period - Shot by Fredrik Modin.
6:29 of 3rd period - Stopped by Chris Osgood without a rebound.
6:30 of 3rd period - Travis Zajac wins face-off versus Fredrik Modin in Predators zone.
6:35 of 3rd period - Alex Pietrangelo is hit by Travis Zajac and loses puck.
7:10 of 3rd period - Jaroslav Spacek is hit by Dan Hinote and loses puck.
7:21 of 3rd period - Shot by Drew Miller.
7:21 of 3rd period - Stopped by Jocelyn Thibault without a rebound.
7:22 of 3rd period - Kamil Kreps wins face-off versus Steve Downie in Red Wings zone.
7:27 of 3rd period - Shot by Kamil Kreps.
7:27 of 3rd period - Shot Blocked by Steve Downie.
8:07 of 3rd period - Steve Downie is hit by Dan Hinote and loses puck.
9:27 of 3rd period - Jason Jaffray is hit by Nick Foligno and loses puck.
10:29 of 3rd period - Shot by Tomas Holmstrom.
10:29 of 3rd period - Shot Blocked by Frantisek Kaberle.
10:56 of 3rd period - Icing by Marek Malik.
10:57 of 3rd period - Doug Weight wins face-off versus Kamil Kreps in Red Wings zone.
11:12 of 3rd period - Shot by Anton Babchuk.
11:12 of 3rd period - Shot Misses the Net.
11:14 of 3rd period - Shot by Kamil Kreps.
11:14 of 3rd period - Shot Blocked by Rory Fitzpatrick.
11:16 of 3rd period - Shot by Anton Babchuk.
11:16 of 3rd period - Deflect By Kamil Kreps.
11:16 of 3rd period - Shot Blocked by Jeff Tambellini.
12:09 of 3rd period - Shot by Chris Conner.
12:09 of 3rd period - Deflect By Jason Jaffray.
12:09 of 3rd period - Stopped by Chris Osgood without a rebound.
12:10 of 3rd period - Bobby Holik wins face-off versus Tomas Holmstrom in Predators zone.
12:24 of 3rd period - Jaroslav Spacek is hit by Dan Hinote and loses puck.
12:39 of 3rd period - Shot by Tomas Holmstrom.
12:39 of 3rd period - Shot Blocked by Frantisek Kaberle.
12:54 of 3rd period - Icing by Anton Babchuk.
12:55 of 3rd period - Jason Jaffray wins face-off versus Kamil Kreps in Predators zone.
13:37 of 3rd period - Off-side.
13:38 of 3rd period - Travis Zajac wins face-off versus Doug Weight in neutral zone.
13:38 of 3rd period - Travis Zajac is hit by Steve Downie.
13:58 of 3rd period - Shot by Travis Zajac.
13:58 of 3rd period - Stopped by Jocelyn Thibault without a rebound.
13:59 of 3rd period - Michael Rupp wins face-off versus Yanic Perreault in Red Wings zone.
13:59 of 3rd period - Michael Rupp is hit by Dan Hinote.
14:07 of 3rd period - Shot by Nate Thompson.
14:07 of 3rd period - Stopped by Chris Osgood without a rebound.
14:08 of 3rd period - Mike Comrie wins face-off versus Bobby Holik in Predators zone.
14:30 of 3rd period - Mike Comrie is hit by Jaroslav Spacek.
14:36 of 3rd period - Shot by Tomas Holmstrom.
14:36 of 3rd period - Shot Misses the Net.
14:49 of 3rd period - Icing by Lee Stempniak.
14:50 of 3rd period - Bobby Holik wins face-off versus Yanic Perreault in Red Wings zone.
14:54 of 3rd period - Minor Penalty to Steve Eminger for Hooking.
14:55 of 3rd period - Yanic Perreault wins face-off versus Doug Weight in Predators zone.
15:47 of 3rd period - Mike Comrie is hit by Steve Downie and loses puck.
16:57 of 3rd period - Penalty Shot by Nate Thompson for Red Wings.
16:57 of 3rd period - Stopped by Chris Osgood.
16:58 of 3rd period - Kamil Kreps wins face-off versus Jason Jaffray in Predators zone.
18:14 of 3rd period - Icing by Rory Fitzpatrick.
18:15 of 3rd period - Yanic Perreault wins face-off versus Doug Weight in Red Wings zone.
18:28 of 3rd period - Icing by Drew Miller.
18:29 of 3rd period - Yanic Perreault wins face-off versus Bobby Holik in Predators zone.
18:29 of 3rd period - Yanic Perreault is hit by Bobby Holik.
18:59 of 3rd period - Shot by Jaroslav Spacek.
18:59 of 3rd period - Stopped by Chris Osgood without a rebound.
19:00 of 3rd period - Travis Zajac wins face-off versus Chris Conner in Predators zone.
19:25 of 3rd period - Shot by Marek Svatos.
19:25 of 3rd period - Stopped by Jocelyn Thibault without a rebound.
19:26 of 3rd period - Mike Comrie wins face-off versus Michael Rupp in Red Wings zone.
19:27 of 3rd period - Shot by Tomas Holmstrom.
19:27 of 3rd period - Stopped by Jocelyn Thibault with a rebound.
19:33 of 3rd period - Shot by Tomas Holmstrom.
19:33 of 3rd period - Shot Misses the Net.


Output by the SimonT Hockey Simulator (STHS) for Jason Fisher -- Original Page W3C XHTML 1.0 Valid